 Dungeon Crawl Stone Soup version 0.31.0-12-g77e489cdc1 (webtiles) character file.

Game seed: 3750529552653511956

59191 Ekaitz the Arsonist (level 14, 0/106 HPs)
             Began as a Demonspawn Fire Elementalist on Feb 11, 2024.
             Was a High Priest of Sif Muna.
             Slain by a merfolk impaler
             ... wielding a +2 trident of flaming
              (11 damage)
             ... on level 1 of the Shoals on Feb 13, 2024.
             The game lasted 01:14:55 (22323 turns).

Ekaitz the Arsonist (Demonspawn Fire Elementalist) Turns: 22323, Time: 01:14:56

Health: 0/106      AC: 19    Str: 12    XL:     14   Next: 52%
Magic:  22/26      EV: 13    Int: 17    God:    Sif Muna [*****.]
Gold:   1533       SH:  5    Dex: 14    Spells: 4/30 levels left

rFire   . . .        n - +2 flail (drain)
rCold   . . .        (no shield)
rNeg    . . .        A - +1 troll leather armour
rPois   .            p - +2 hat
rElec   .            F - +0 cloak
rCorr   .            (gloves unavailable)
SInv    .            i - +0 pair of boots
Will    +....        L - amulet of reflection
Stlth   ++           I - +4 ring of protection
HPRegen 1.17/turn    Y - +4 ring of protection
MPRegen 0.20/turn

%: reflection
@: no status effects
A: molten scales 2, powered by pain 1, spiny 2, demonic touch 3
a: Renounce Religion, Channel Magic, Forget Spell, Divine Exegesis


You were on level 1 of the Shoals.
You worshipped Sif Muna.
Sif Muna was extremely pleased with you.
You visited 4 branches of the dungeon, and saw 18 of its levels.
You also visited: Sewer and Ice Cave.

You collected 1533 gold pieces.

Inventory:

Hand Weapons
 a - a +2 whip of electrocution
 f - a +2 mace of protection
 n - a +2 flail of draining (weapon)
 q - a +4 war axe
 u - a +2 dagger of venom
 D - a +4 morningstar
Missiles
 d - 37 poisoned darts
 U - a throwing net
 V - a curare-tipped dart
Armour
 i - a +0 pair of boots (worn)
 m - a +0 robe of resistance
 p - a +2 hat (worn)
 A - a +1 troll leather armour (worn)
 C - a +1 leather armour of poison resistance
 F - a +0 cloak (worn)
Magical Staves
 E - a staff of death
 R - a staff of alchemy
Jewellery
 H - a ring of flight
 I - a +4 ring of protection (left hand)
 L - an amulet of reflection (around neck)
 Q - a ring of ice
 Y - a +4 ring of protection (right hand)
Wands
 e - a wand of mindburst (4)
 l - a wand of light (2)
 x - a wand of roots (26)
 P - a wand of paralysis (22)
 T - a wand of polymorph (10)
 Z - a wand of flame (4)
Scrolls
 c - 2 scrolls of revelation {unknown}
 h - a scroll of brand weapon {unknown}
 k - 3 scrolls of fog
 t - 5 scrolls of enchant weapon {unknown}
 v - 4 scrolls of amnesia {unknown}
 w - 2 scrolls of immolation
 y - 2 scrolls of fear {unknown}
 J - a scroll of summoning
 K - 3 scrolls of vulnerability
 N - 2 scrolls of blinking
 S - 5 scrolls of teleportation {unknown}
Potions
 b - 2 potions of magic
 g - 6 potions of heal wounds {unknown}
 j - 5 potions of might
 o - 2 potions of resistance
 r - 4 potions of haste
 s - 6 potions of curing
 z - a potion of mutation
 G - 3 potions of berserk rage
 M - 3 potions of ambrosia
 O - 3 potions of cancellation
Miscellaneous
 B - a phantom mirror
 W - a sack of spiders
 X - a phial of floods


   Skills:
 * Level 8.4 Fighting
 + Level 6.5 Maces & Flails
 + Level 2.3 Armour
 + Level 4.8 Dodging
 + Level 4.0 Stealth
 + Level 1.3 Shields
 + Level 8.5 Spellcasting
 * Level 7.9 Conjurations
 * Level 8.9 Hexes
 * Level 3.3 Necromancy
 * Level 6.7 Translocations
 * Level 11.1 Fire Magic
 * Level 4.6 Air Magic
 * Level 10.8 Invocations


You had 4 spell levels left.
You knew the following spells:

 Your Spells              Type           Power      Damage    Failure   Level
a - Foxfire               Conj/Fire      100%       2x1d9     1%          1
b - Scorch                Fire           90%        2d8       1%          2
c - Volatile Blastmotes   Fire/Tloc      74%        2d16      1%          3
d - Flame Wave            Conj/Fire      39%        2d11      2%          4
e - Plasma Beam           Fire/Air       17%        2x1d28    58%         6
f - Iskenderun's Mystic   Conj/Tloc      32%        2d8       6%          4
g - Apportation           Tloc           60%        N/A       1%          1
i - Inner Flame           Hex/Fire       41%        N/A       1%          3
u - Sublimation of Blood  Necr           18%        N/A       4%          2

Your spell library contained the following spells:

 Spells                   Type           Power      Damage    Failure   Level
 Magic Dart               Conj           100%       1d8       1%          1
 Shock                    Conj/Air       100%       1d9       1%          1
 Slow                     Hex            100%       N/A       1%          1
 Blink                    Tloc           60%        N/A       1%          2
 Jinxbite                 Hex            74%        N/A       1%          2
 Lesser Beckoning         Tloc           60%        N/A       1%          2
 Momentum Strike          Conj/Tloc      64%        3d9       1%          2
 Searing Ray              Conj           68%        2d6       1%          2
 Static Discharge         Conj/Air       56%        3-6/arc   1%          2
 Confusing Touch          Hex            37%        N/A       1%          3
 Dazzling Flash           Conj/Hex       70%        N/A       1%          3
 Sigil of Binding         Hex            37%        N/A       1%          3
 Tukima's Dance           Hex            37%        N/A       1%          3
 Sting                    Conj/Alch      80%        1d8       2%          1
 Gell's Gravitas          Tloc           30%        N/A       2%          3
 Teleport Other           Tloc           30%        N/A       2%          3
 Necrotise                Necr           72%        1d7       3%          1
 Ensorcelled Hibernation  Hex/Ice        44%        N/A       3%          2
 Dimensional Bullseye     Hex/Tloc       16%        N/A       4%          4
 Swiftness                Air            23%        N/A       5%          3
 Cigotuvi's Dreadful Rot  Necr/Alch/Air  32%        N/A       6%          2
 Hailstorm                Conj/Ice       20%        3d7       8%          3
 Passage of Golubria      Tloc           30%        N/A       8%          4
 Vampiric Draining        Necr           18%        2d7       10%         3
 Vhi's Electric Charge    Tloc/Air       52%        N/A       12%         4
 Airstrike                Air            11%        2d(2-18)  19%         4
 Brom's Barrelling Bould  Conj/Erth      20%        2d4       24%         4
 Dispel Undead            Necr           18%        3d11      30%         4
 Summon Ice Beast         Ice/Summ       7%         N/A       36%         3
 Martyr's Knell           Necr/Summ      12%        N/A       54%         4
 Petrify                  Alch/Erth      7%         N/A       77%         4
 Arcjolt                  Conj/Air       14%        1d24      26%         5
 Yara's Violent Unravell  Hex/Alch       11%        3d6       50%         5
 Irradiate                Conj/Alch      10%        3d15      56%         5
 Curse of Agony           Necr           18%        N/A       65%         5
 Alistair's Intoxication  Alch           4%         N/A       98%         5
 Death Channel            Necr           9%         N/A       99%         6
 Sculpt Simulacrum        Ice/Alch       3%         N/A       100%        6
 Spellforged Servitor     Conj/Summ      10%        N/A       100%        7
 Ignition                 Fire           22%        3d8       100%        8
 Chain Lightning          Conj/Air       14%        3d18      100%        9


Dungeon Overview and Level Annotations

Branches:
Dungeon (11/15)            Temple (1/1) D:5            Lair (5/5) D:9
 Shoals (1/4) Lair:3        Snake (0/4) Lair:3        Slime (0/5) Lair:5
    Orc (0/2) D:11          Sewer (visited)           IceCv (visited)

Altars:
Ashenzari
Cheibriados
Dithmenos
Fedhas
Gozag
Hepliaklqana
Kikubaaqudgha
Makhleb
Nemelex Xobeh
Okawaru
Qazlal
Ru
Sif Muna
Trog
Uskayaw
Vehumet
Wu Jian
Xom
Yredelemnul
Jiyva

Annotations:
D:11 exclusion: gargoyle
Lair:5 exclusion: obsidian statue


Innate Abilities, Weirdness & Mutations

You are mostly covered in molten scales. (AC +3)
You sometimes gain a little power by taking damage.
You are mostly covered in sharp spines.
Your touch may irresistibly damage your foes and sap their willpower.


Message History

You hear a screech!
The foxfire hits the harpy but does no damage.
The harpy is almost dead.
The foxfire hits the merfolk impaler!
The merfolk impaler is burned terribly!
The merfolk impaler is lightly wounded.
A harpy comes into view.
The harpy barely misses you. You block the harpy's attack.
The harpy is struck by your spines. The harpy claws you. x2
A harpy comes into view.
The merfolk impaler barely misses you.
A harpy comes into view.
The harpy closely misses you. The harpy claws you but does no damage.
The harpy screeches!
You are too injured to fight recklessly!
Unknown command.
You are too injured to fight recklessly!
Unknown command.
Casting: Scorch (safe; 1% risk of failure)
Confirm with . or Enter, or press ? or * to list all spells.
You conjure some foxfire!
The harpy screeches!
The merfolk impaler is no longer more vulnerable to fire.
The harpy claws you! x2
* * * LOW HITPOINT WARNING * * *
You block the merfolk impaler's attack. The harpy is struck by your spines.
The harpy claws you but does no damage. The harpy completely misses you.
The merfolk impaler hits you from afar with a +2 trident of flaming!
* * * LOW HITPOINT WARNING * * *
The merfolk impaler burns you.
* * * LOW HITPOINT WARNING * * *
The foxfire hits the harpy!
The harpy is moderately wounded.
The foxfire hits the merfolk impaler!
The merfolk impaler is moderately wounded.
The harpy is struck by your spines. The harpy barely misses you. x2
The harpy claws you but does no damage. The harpy misses you.
The harpy claws you but does no damage. x2
The merfolk impaler hits you but does no damage.
The merfolk impaler hits you from afar with a +2 trident of flaming!
You die...

~P~~~~~~~~~.
~~~~P~~P~~~
P~~~~~P~~..
~~~~~~~~..
~~~~~~~.H#
~~~~~~~H.
~.$.~~HH##
#.~~@.#
#.H...ยง....~~
......m.....~~~
........>..~~~~
~..###....~~...
~. #..[~~~.## .
#..~..โ‰ˆ~#
..~..~โ‰ˆโ‰ˆ#


You could see a merfolk impaler and 5 harpies.

Vanquished Creatures
  A reaper (IceCv)
  2 dire elephants (Lair:5)
  Harold (D:9)
  3 hydras
  2 catoblepae
  2 two-headed ogres
  2 death yaks (Lair:5)
  A boulder beetle (Lair:5)
  Urug (Lair:2)
  A skyshark (Lair:5)
  A spectral anaconda (Lair:5)
  3 harpies (Shoals:1)
  5 necromancers
  Pikel (D:5)
  Maurice (D:11)
  An oklob plant (Lair:5)
  A cyclops (D:11)
  A manticore (Lair:3)
  8 black mambas
  2 dire elephant zombies (Lair:5)
  6 elephants
  An ice statue (IceCv)
  Joseph (D:9)
  12 cane toads
  12 komodo dragons
  2 rime drakes
  A freezing wraith (IceCv)
  3 polar bears
  2 trolls
  2 hornets (D:8)
  A wind drake (Lair:3)
  Grinder (D:6)
  Prince Ribbit (D:6)
  28 blink frogs
  4 dream sheep (Lair:5)
  Sigmund (D:6)
  2 shadows
  A spriggan (Lair:2)
  2 slime creatures (Lair:5)
  A wyvern (Lair:3)
  A dire elephant simulacrum (IceCv)
  A vampire (D:11)
  68 yaks
  3 wraiths
  5 basilisks
  3 death yak simulacra
  A steam dragon (D:7)
  A harpy simulacrum (IceCv)
  2 spectral cane toads (Lair:5)
  19 water moccasins
  A hydra simulacrum (IceCv)
  Duvessa (D:4)
  3 orc warriors
  3 elephant zombies
  6 ice beasts
  2 sky beasts (D:8)
  2 black bears
  6 wolves
  An elephant skeleton (Lair:5)
  4 centaurs
  A komodo dragon zombie (Lair:3)
  4 lemures (D:5)
  A phantom (D:5)
  3 kobold brigands
  12 bullfrogs
  3 cane toad simulacra
  4 two-headed ogre simulacra (IceCv)
  A gnoll sergeant (D:10)
  4 scorpions
  11 wights
  Dowan (D:4)
  4 elephant simulacra
  6 killer bees
  7 electric eels
  4 howler monkeys
  5 hounds
  4 jellies
  A basilisk zombie (Lair:3)
  Crazy Yiuf (D:5)
  A gnoll bouda (D:9)
  5 iguanas
  3 sleepcaps
  An orc priest (D:6)
  Ijyb (D:5)
  A polar bear simulacrum (IceCv)
  7 spriggan simulacra (IceCv)
  6 troll simulacra (IceCv)
  5 wolf simulacra
  9 gnolls
  16 adders
  8 naga simulacra (IceCv)
  A river rat (Sewer)
  A shadow imp (D:6)
  11 white imps
  4 ufetubi (IceCv)
  A dart slug (D:4)
  2 ribbon worms
  23 orcs
  13 ball pythons
  14 endoplasms
  4 giant cockroaches
  9 goblins
  3 hobgoblins
  2 jackals (D:1)
  7 quokkas
  9 bats
  2 frilled lizards
  21 kobolds
  14 rats
538 creatures vanquished.

Vanquished Creatures (collateral kills)
  9 foxfires
9 creatures vanquished.

Vanquished Creatures (others)
  1142 foxfires
1142 creatures vanquished.

Grand Total: 1689 creatures vanquished

Notes
Turn   | Place    | Note
-------+----------+-------------------------------------------
     0 | D:1      | Ekaitz the Demonspawn Fire Elementalist began the quest for
                  | the Orb.
     0 | D:1      | Reached XP level 1. HP: 13/13 MP: 3/3
   121 | D:1      | Reached skill level 3 in Fire Magic
   480 | D:1      | Gained mutation: You are partially covered in sharp spines.
                  | [demonic ancestry]
   480 | D:1      | Reached XP level 2. HP: 13/20 MP: 5/5
   483 | D:1      | Learned a level 2 spell: Scorch
  1092 | D:1      | Gained mutation: You sometimes gain a little power by
                  | taking damage. [demonic ancestry]
  1092 | D:1      | Reached XP level 3. HP: 25/25 MP: 6/6
  1096 | D:1      | Learned a level 3 spell: Inner Flame
  1296 | D:1      | Found a faded altar of an unknown god.
  1602 | D:2      | Reached skill level 1 in Fighting
  2373 | D:3      | Gained mutation: You are partially covered in molten
                  | scales. (AC +2) [demonic ancestry]
  2373 | D:3      | Reached XP level 4. HP: 32/32 MP: 2/7
  2788 | D:4      | Noticed Duvessa
  2846 | D:4      | Reached skill level 1 in Hexes
  2883 | D:4      | Gained mutation: Your touch may inflict minor irresistible
                  | damage on your foes. [demonic ancestry]
  2883 | D:4      | Reached XP level 5. HP: 38/38 MP: 1/8
  2965 | D:4      | Reached skill level 4 in Fire Magic
  3102 | D:4      | Reached XP level 6. HP: 30/44 MP: 5/9
  3105 | D:4      | Reached skill level 1 in Maces & Flails
  3275 | D:4      | Noticed Dowan
  3276 | D:4      | Killed Duvessa
  3284 | D:4      | Killed Dowan
  3297 | D:4      | Learned a level 3 spell: Volatile Blastmotes
  3397 | D:4      | Learned a level 1 spell: Apportation
  3532 | D:4      | Found a faded altar of an unknown god.
  3532 | D:4      | Found a broken altar of Ashenzari.
  3539 | D:4      | Found a snail-covered altar of Cheibriados.
  3541 | D:4      | Found a basalt altar of Yredelemnul.
  3542 | D:4      | Found a faded altar of an unknown god.
  3755 | D:5      | Entered Level 5 of the Dungeon
  3759 | D:5      | Gained mutation: You are mostly covered in molten scales.
                  | (AC +3) [demonic ancestry]
  3759 | D:5      | Reached XP level 7. HP: 51/51 MP: 7/11
  4001 | D:5      | Noticed Ijyb
  4001 | D:5      | Identified the +5 quarterstaff "Kaluikh" {freeze, rF+}
  4032 | D:5      | Killed Ijyb
  4107 | D:5      | Reached skill level 1 in Translocations
  4107 | D:5      | Reached skill level 5 in Fire Magic
  4136 | D:5      | Found a glowing drain.
  4171 | Sewer    | Entered a sewer
  4905 | D:5      | Identified the scarf "Henaacw" {shadows, rPois rCorr Str+4
                  | Dex-3}
  4950 | D:5      | Reached XP level 8. HP: 58/58 MP: 11/13
  5020 | D:5      | Found a staircase to the Ecumenical Temple.
  5026 | Temple   | Entered the Ecumenical Temple
  5031 | Temple   | Became a worshipper of Sif Muna the Loreminder
  5074 | D:5      | Noticed Pikel
  5087 | D:5      | Killed Pikel
  5335 | D:5      | Learned a level 4 spell: Flame Wave
  5672 | D:5      | Found a runed translucent door.
  5673 | D:5      | Noticed Crazy Yiuf
  5687 | D:5      | Killed Crazy Yiuf
  5705 | D:5      | Identified the +6 hammer "Weideq" {holy, rN+++ rCorr SInv
                  | Stlth-}
  5806 | D:6      | Reached skill level 1 in Invocations
  5983 | D:6      | Reached skill level 6 in Fire Magic
  6057 | D:6      | Gained mutation: Your touch may inflict irresistible damage
                  | on your foes. [demonic ancestry]
  6057 | D:6      | Reached XP level 9. HP: 29/65 MP: 4/15
  6057 | D:6      | Noticed Prince Ribbit
  6066 | D:6      | Killed Prince Ribbit
  6277 | D:6      | Noticed Sigmund
  6284 | D:6      | Killed Sigmund
  6428 | D:6      | Noticed Grinder
  6441 | D:6      | Paralysed by Grinder for 2 turns
  6446 | D:6      | Killed Grinder
  6580 | D:6      | Reached * piety under Sif Muna
  7784 | D:8      | Reached XP level 10. HP: 70/73 MP: 17/17
  7846 | D:8      | Found a stormy altar of Qazlal.
  7846 | D:8      | Found a shadowy altar of Dithmenos.
  7874 | D:8      | Reached skill level 7 in Fire Magic
  8072 | D:8      | Reached skill level 5 in Spellcasting
  8157 | D:8      | Reached ** piety under Sif Muna
  8281 | D:8      | Reached skill level 5 in Conjurations
  8281 | D:8      | Reached skill level 5 in Hexes
  8388 | D:8      | Reached skill level 5 in Fighting
  8775 | D:9      | Noticed Joseph
  8802 | D:9      | Noticed Harold
  8812 | D:9      | Killed Harold
  8845 | D:10     | Entered Level 10 of the Dungeon
  8998 | D:9      | Paralysed by Joseph for 4 turns
  9690 | D:10     | Reached skill level 5 in Invocations
 10344 | D:9      | Reached XP level 11. HP: 24/80 MP: 11/19
 10538 | D:9      | Reached skill level 8 in Fire Magic
 10666 | D:9      | Noticed a two-headed ogre
 10680 | D:9      | Killed a two-headed ogre
 10840 | D:9      | Found a staircase to the Lair.
 10983 | D:9      | Killed Joseph
 10986 | D:9      | Reached *** piety under Sif Muna
 11576 | D:11     | Found a staircase to the Orcish Mines.
 11587 | D:11     | Reached skill level 5 in Translocations
 11924 | D:11     | Noticed Maurice
 11932 | D:11     | Killed Maurice
 12156 | D:11     | Noticed a two-headed ogre
 12168 | D:11     | Killed a two-headed ogre
 12588 | Lair:1   | Entered Level 1 of the Lair of Beasts
 12640 | Lair:1   | Noticed a catoblepas
 12655 | Lair:1   | Killed a catoblepas
 13191 | Lair:1   | Reached skill level 9 in Fire Magic
 13194 | Lair:1   | Gained mutation: Your touch may irresistibly damage your
                  | foes and sap their willpower. [demonic ancestry]
 13194 | Lair:1   | Reached XP level 12. HP: 49/89 MP: 16/21
 13195 | Lair:1   | Reached skill level 1 in Armour
 13555 | Lair:1   | Learned a level 6 spell: Plasma Beam
 13576 | Lair:1   | Reached **** piety under Sif Muna
 13990 | Lair:2   | Noticed Urug
 14252 | Lair:2   | Reached skill level 1 in Air Magic
 14275 | Lair:2   | Reached skill level 5 in Maces & Flails
 14478 | Lair:2   | Identified the +1 chain mail "Biuj" {Rampage rElec Int+3}
 14885 | Lair:2   | Killed Urug
 15378 | Lair:3   | Reached ***** piety under Sif Muna
 15407 | Lair:3   | Found a frozen archway.
 15478 | IceCv    | Entered an ice cave
 15481 | IceCv    | Reached skill level 1 in Shields
 15482 | IceCv    | Received a gift from Sif Muna
 15488 | IceCv    | Got Sif Muna's Compendium of Distorted Misfortune {god
                  | gift}
 15494 | IceCv    | Learned a level 4 spell: Iskenderun's Mystic Blast
 15543 | IceCv    | Reached XP level 13. HP: 94/96 MP: 19/24
 16609 | IceCv    | Noticed a reaper
 16969 | IceCv    | Killed a reaper
 16970 | IceCv    | Reached skill level 10 in Fire Magic
 17411 | Lair:3   | Found a staircase to the Snake Pit.
 17815 | Lair:3   | Received a gift from Sif Muna
 17816 | Lair:3   | Got Sif Muna's Lectures on Violence {god gift}
 17953 | Lair:3   | Found a staircase to the Shoals.
 18406 | Lair:4   | Learned a level 2 spell: Sublimation of Blood
 19275 | Lair:4   | Reached skill level 1 in Necromancy
 19400 | Lair:5   | Entered Level 5 of the Lair of Beasts
 19628 | Lair:5   | Reached skill level 10 in Invocations
 20040 | Lair:5   | Gained mutation: You are mostly covered in sharp spines.
                  | [demonic ancestry]
 20040 | Lair:5   | Reached XP level 14. HP: 95/105 MP: 7/26
 20860 | Lair:5   | Found a staircase to the Slime Pits.
 20860 | Lair:5   | Found a viscous altar of Jiyva.
 20888 | Lair:5   | Received a gift from Sif Muna
 20898 | Lair:5   | Got Jipsug's Anthology of Kinetic Energy {god gift}
 21471 | Lair:5   | Reached skill level 11 in Fire Magic
 22311 | Shoals:1 | Entered Level 1 of the Shoals
 22323 | Shoals:1 | Slain by a merfolk impaler

Illustrated notes

Levels and vault maps discovered:
D:1:      dpeg_arrival_water_fire, layout_basic,
          chequers_ecumenical_altar_lobes, bh_walls_and_bars
D:2:      layout_basic
D:3:      layout_basic, minmay_stone_trees_small
D:4:      layout_rooms, chequers_temple_overflow_minitemple,
          guppyfry_early_lair_pool, uniq_duvessa
D:5:      layout_loops_ring, temple_green, portal_sewer_entry_f,
          minmay_crossroads, uniq_ijyb, uniq_pikel, uniq_crazy_yiuf_cottage
D:6:      layout_basic, uniq_grinder, uniq_sigmund, uniq_prince_ribbit1
D:7:      layout_loops_ring
D:8:      layout_gridville, gammafunk_temple_overflow_elements
D:9:      layout_long_grid, hellmonk_lair_entry_icy, kennysheep_generic_room_5,
          uniq_joseph, uniq_harold
D:10:     layout_cave_pods
D:11:     layout_irregular_city, david_orc_2, uniq_maurice
Temple:   nicolae_temple_bog_church
Lair:1:   layout_gridlike
Lair:2:   layout_gridlike, grunt_forest_large_clearing_hut,
          serial_bayou_shore_a, uniq_urug
Lair:3:   pond_and_an_island_with_a_cottage, layout_regular_city,
          minmay_shoals_entry_beasts, minmay_snake_entry_six_corridors,
          portal_ice_cave_entry_ice_simulacra
Lair:4:   layout_loops_ring, lookout_lair_type
Lair:5:   due_jungle_book, layout_long_grid, minmay_slime_entry_pillars
Shoals:1: cheibrodos_shoals_baths, layout_shoals, serial_shops, shop, uniq_kirke

Skill      XL: |  1  2  3  4  5  6  7  8  9 10 11 12 13 14 |
---------------+-------------------------------------------+-----
Fire Magic     | 3 4 5 6 7 9 10 11 | 11.1
Fighting       | 1 2 3 4 5 6 7 8 |  8.4
Stealth        | 2 3 4 |  4.0
Dodging        | 2 3 4 |  4.8
Hexes          | 1 2 4 5 6 7 8 |  8.9
Conjurations   | 2 3 4 5 6 7 |  7.9
Maces & Flails | 1 2 3 4 5 6 |  6.5
Spellcasting   | 3 4 5 6 7 8 |  8.5
Translocations | 1 2 3 4 5 6 |  6.7
Invocations    | 1 3 5 7 9 10 | 10.8
Armour         | 1 2 |  2.3
Air Magic      | 2 4 |  4.6
Shields        | 1 |  1.3
Necromancy     | 2 3 |  3.3

Action                     |  1- 3 |  4- 6 |  7- 9 | 10-12 | 13-15 || total
---------------------------+-------+-------+-------+-------+-------++-------
  Melee: Mace              |    43 |    36 |   139 |   105 |     1 ||   324
         Punch             |       |     1 |     2 |     2 |     5 ||    10
         Touch             |       |     7 |    24 |    69 |    86 ||   186
         Flail             |       |       |       |   198 |   303 ||   501
   Cast: Foxfire           |    50 |    47 |    75 |   181 |   303 ||   656
         Scorch            |     1 |     4 |    30 |    62 |   116 ||   213
         Inner Flame       |       |     2 |     7 |    19 |    19 ||    47
         Volatile Blastmot |       |       |    10 |     4 |    23 ||    37
         Flame Wave        |       |       |     3 |     3 |    10 ||    16
         Iskenderun's Myst |       |       |       |       |     2 ||     2
         Sublimation of Bl |       |       |       |       |     2 ||     2
    Use: Scroll            |       |       |       |    15 |     6 ||    21
         Potion            |       |       |       |       |     1 ||     1
   Stab: Sleeping          |     4 |     2 |     6 |     3 |     3 ||    18
         Petrified         |       |       |       |       |     7 ||     7
         Distracted        |       |       |       |       |     1 ||     1
 Armour: Robe              |    36 |    23 |   117 |   148 |       ||   324
         Troll leather arm |       |       |       |   151 |   411 ||   562
  Dodge: Dodged            |    32 |    50 |   131 |   305 |   252 ||   770
  Block: Other             |       |       |       |    51 |    89 ||   140
         Reflection        |       |       |       |       |     1 ||     1
